 Dungeon Crawl Stone Soup version 0.29.1-13-g9f3cf754e1 (webtiles) character file.

Game seed: 11813532162354386158

525 bjubeck the Trooper (level 7, -7/62 HPs)
             Began as a Hill Orc Fighter on Feb 6, 2023.
             Killed from afar by an orc wizard (8 damage)
             ... with a magic dart
             ... on level 3 of the Dungeon.
             The game lasted 00:05:41 (2355 turns).

bjubeck the Trooper (Hill Orc Fighter)              Turns: 2355, Time: 00:05:43

Health: -7/62      AC:  7    Str: 21    XL:     7   Next: 23%
Magic:  7/7        EV:  9    Int:  8    God:
Gold:   120        SH:  5    Dex: 10    Spells: 6/6 levels left

rFire   . . .      SeeInvis .   a - +0 war axe
rCold   . . .      Faith    .   c - +0 buckler
rNeg    + . .      Spirit   .   b - +0 scale mail
rPois   .          Reflect  .   (no helmet)
rElec   .          Harm     .   (no cloak)
rCorr   .          Rampage  .   (no gloves)
Will    .....                   (no boots)
Stlth   ..........              (no amulet)
HPRegen 0.20/turn               s - ring of positive energy
MPRegen 0.10/turn               (no ring)

@: no status effects
A: no striking features
a: no special abilities


You were on level 3 of the Dungeon.
You visited 1 branch of the dungeon, and saw 3 of its levels.

You collected 120 gold pieces.

Inventory:

Hand Weapons
 a - a +0 war axe (weapon)
 o - a +1 spear of venom
Missiles
 p - 6 poisoned darts (quivered)
Armour
 b - a +0 scale mail (worn)
 c - a +0 buckler (worn)
 r - a +0 plate armour
Jewellery
 s - a ring of positive energy (left hand)
Wands
 k - a wand of iceblast (16)
Scrolls
 f - 3 scrolls of identify {unknown}
 g - a scroll of silence {unknown}
 h - a scroll of butterflies {unknown}
 i - 3 scrolls of torment {unknown}
 j - 2 scrolls of amnesia {unknown}
 l - a scroll of fear {unknown}
 n - a scroll of teleportation {unknown}
 t - a scroll of magic mapping {unknown}
Potions
 d - a potion of heal wounds {unknown}
 e - 5 potions of curing {unknown}
 m - a potion of magic {unknown}
 q - a potion of might


   Skills:
 + Level 5.6 Fighting
 + Level 5.5 Axes
 + Level 5.1 Armour
 + Level 5.2 Shields


You had 6 spell levels left.
You didn't know any spells.
Your spell library was empty.

Dungeon Overview and Level Annotations

Branches:
Dungeon (3/15)

Altars:
Beogh


Message History

Something hits you but does no damage.
Items here: )) [ †.
Something hits you but does no damage.
You feel less confused.
You hear some strange, mumbled words.
You are confused.
You're too confused to move!
Something hits you but does no damage.
You're too confused to move!
Something hits you but does no damage.
A magic dart appears from out of thin air!
The magic dart hits you.
* * * LOW HITPOINT WARNING * * *
Something hits you.
* * * LOW HITPOINT WARNING * * *
You feel less confused. Something hits you.
* * * LOW HITPOINT WARNING * * *
You closely miss something. Something hits you but does no damage.
You hear some strange, mumbled words.
A puff of flame appears from out of thin air!
The puff of flame hits you.
* * * LOW HITPOINT WARNING * * *
You hit something. Something hits you but does no damage.
You miss something. Something hits you but does no damage.
You closely miss something.
You hear some strange, mumbled words.
A puff of flame appears from out of thin air!
The puff of flame hits you!
* * * LOW HITPOINT WARNING * * *
Something hits you but does no damage.
You barely miss something. Something hits you but does no damage.
You closely miss something. Something hits you.
* * * LOW HITPOINT WARNING * * *
You miss something. Something hits you but does no damage.
You closely miss something.
You hear some strange, mumbled words.
Something tries to affect you, but you resist.
You hear some strange, mumbled words.
A magic dart appears from out of thin air!
The magic dart hits you!
You die...

########### #...>.....#
##### #.........# #...[
#....){...# #....
#....@....# #....
#.........########....
#...............##....
#...............##....
#...............##.... #
###.........##........
.. #.........##........
...##.......#..#........
............#...........


There were no monsters in sight!

Vanquished Creatures
  Grinder (D:3)
  Sigmund (D:2)
  An orc priest (D:3)
  Jessica (D:2)
  Ijyb (D:3)
  3 gnolls (D:2)
  2 adders
  2 dart slugs
  3 orcs (D:3)
  6 ball pythons
  5 bats
  3 endoplasms
  2 giant cockroaches
  5 goblins
  3 hobgoblins
  2 jackals (D:2)
  4 quokkas
  A frilled lizard (D:3)
  3 kobolds
  10 rats
59 creatures vanquished.

Notes
Turn   | Place    | Note
-------+----------+-------------------------------------------
     0 | D:1      | bjubeck the Hill Orc Fighter began the quest for the Orb.
     0 | D:1      | Reached XP level 1. HP: 19/19 MP: 1/1
   262 | D:1      | Reached XP level 2. HP: 27/27 MP: 2/2
   272 | D:1      | Found a faded altar of an unknown god.
   845 | D:2      | Reached XP level 3. HP: 33/33 MP: 3/3
   950 | D:2      | Noticed Sigmund
   959 | D:2      | Killed Sigmund
   960 | D:2      | Reached XP level 4. HP: 17/41 MP: 4/4
   960 | D:2      | Reached XP level 5. HP: 20/47 MP: 5/5
  1152 | D:2      | Noticed Jessica
  1185 | D:2      | Killed Jessica
  1299 | D:2      | Reached XP level 6. HP: 55/55 MP: 6/6
  1365 | D:2      | Reached skill level 5 in Fighting
  1873 | D:3      | Noticed Grinder
  1887 | D:3      | Killed Grinder
  1888 | D:3      | Reached skill level 5 in Axes
  1888 | D:3      | Reached skill level 5 in Armour
  1888 | D:3      | Reached skill level 5 in Shields
  1888 | D:3      | Reached XP level 7. HP: 19/61 MP: 7/7
  2118 | D:3      | Noticed Ijyb
  2134 | D:3      | Killed Ijyb
  2309 | D:3      | Found a roughly hewn altar of Beogh.
  2351 | D:3      | HP: 1/62 [something/puff of flame (7)]
  2355 | D:3      | Killed from afar by an orc wizard

Illustrated notes

Levels and vault maps discovered:
D:1:      elethiomel_arrival_diamonds, layout_rooms,
          chequers_ecumenical_altar_simple, minmay_pentomino_r2
D:2:      layout_basic, minivault_4, uniq_sigmund, uniq_jessica
D:3:      layout_rooms, kennysheep_orc_chapel, uniq_grinder, uniq_ijyb

Skill      XL: |  1  2  3  4  5  6 |
---------------+-------------------+-----
Axes           | 3 4 5 |  5.5
Fighting       | 4 5 |  5.6
Armour         | 4 5 |  5.1
Shields        | 4 5 |  5.2

Action                   |  1- 3 |  4- 6 |  7- 9 || total
-------------------------+-------+-------+-------++-------
Melee: War axe           |    66 |    46 |    53 ||   165
  Use: Potion            |     1 |       |       ||     1
Armor: Scale mail        |    39 |    16 |    33 ||    88
Dodge: Dodged            |    28 |    16 |    18 ||    62
Block: Buckler           |    13 |     9 |    13 ||    35
